 Dungeon Crawl Stone Soup version 0.19-a0-1821-g42c593c (webtiles) character file.

25092 TheGoonsmith the Destroyer (level 13, -4/78 (79) HPs)
             Began as a Tengu Fire Elementalist on Oct 6, 2016.
             Was a High Priest of Vehumet.
             Hit by a large rock thrown by a stone giant (40 damage)
             ... on level 1 of the Orcish Mines.
             The game lasted 00:35:02 (16716 turns).

TheGoonsmith the Destroyer (TeFE)                  Turns: 16716, Time: 00:35:03

HP:   -4/78 (79)    AC:  8    Str: 11    XL:     13   Next: 17%
MP:   43/43         EV: 18    Int: 23    God:    Vehumet [*****.]
Gold: 936           SH:  0    Dex: 23    Spells: 8 memorised, 4 levels left

rFire  . . .     SeeInvis .     B - staff of power
rCold  . . .     Gourm    .     a - +2 leather armour of Leub {Str+2 Dex+5}
rNeg   . . .     Faith    .     (no shield)
rPois  +         Spirit   .     X - +0 hat {Int+3}
rElec  .         Dismiss  +     Q - +1 cloak
rCorr  .         Reflect  .     l - +0 pair of gloves
MR     .....     Harm     .     (boots unavailable)
Stlth  ++........               N - amulet of dismissal
                                m - ring of poison resistance
                                q - +3 ring of dexterity

@: no status effects
A: beak, talons 3, robust 1, able to fly 1
a: Fly, Renounce Religion


You were on level 1 of the Orcish Mines.
You worshipped Vehumet.
Vehumet was extremely pleased with you.
You were hungry.

You visited 4 branches of the dungeon, and saw 17 of its levels.

You collected 1076 gold pieces.
You spent 140 gold pieces at shops.

Inventory:

Hand Weapons
 A - a +2 dagger of venom
 P - a +0 glaive of venom
Missiles
 Z - a throwing net (quivered)
Armour
 a - the +2 leather armour of Leub (worn) {Str+2 Dex+5}
   (You found it on level 2 of the Lair of Beasts)

   It affects your strength (+2).
   It affects your dexterity (+5).
 b - the +1 shield of Circular Logic {rC- rCorr Slay+4 Stlth+}
   (You found it on level 1 of the Lair of Beasts)

   It affects your accuracy and damage with ranged weapons and melee attacks
   (+4).
   It makes you vulnerable to cold.
   It protects you from acid and corrosion.
   It makes you more stealthy.
 l - a +0 pair of gloves (worn)
 L - a +0 leather armour of cold resistance
 Q - a +1 cloak (worn)
 X - a +0 hat of intelligence (worn)
Magical Staves
 B - an uncursed staff of power (weapon)
Jewellery
 i - an uncursed ring of resist corrosion
 m - a ring of poison resistance (right hand)
 q - a +3 ring of dexterity (left hand)
 N - an amulet of dismissal (around neck)
Wands
 x - a wand of iceblast (4/15)
 C - a wand of digging (11/24)
 H - a wand of acid (3/15)
 J - a wand of paralysis (12/24)
 V - a wand of iceblast (4/15)
 Y - a wand of digging (6/24)
Scrolls
 e - 6 scrolls of remove curse
 h - 3 scrolls of fog
 p - 4 scrolls of recharging
 r - 4 scrolls of identify
 w - 5 scrolls of teleportation
 z - 4 scrolls of enchant weapon
 E - 2 scrolls of magic mapping
Potions
 d - 3 potions of might
 j - a potion of cure mutation
 k - 2 potions of haste
 n - 3 potions of flight
 o - 2 potions of agility
 s - 5 potions of curing
 v - a potion of cancellation
 G - a potion of resistance {unknown}
 O - 3 potions of heal wounds
 W - a potion of magic {unknown}
Books
 g - a book of Spatial Translocations

   Spells                             Type                      Level
   a - Blink                          Translocation                2
   b - Shroud of Golubria             Charms/Translocation         2
   c - Lesser Beckoning               Translocation                3
   d - Portal Projectile              Translocation                3
   e - Teleport Other                 Translocation                3
   f - Passage of Golubria            Translocation                4
Miscellaneous
 U - a phial of floods
Comestibles
 c - 9 bread rations
 f - 4 meat rations
 t - 3 chunks of flesh
 u - 5 beef jerkies
 K - 24 fruits
 R - 8 slices of pizza


   Skills:
 - Level 5.0 Fighting
 - Level 7.9 Dodging
 - Level 2.0 Stealth
 + Level 10.7 Spellcasting
 - Level 13.0 Conjurations
 + Level 5.5 Charms
 - Level 11.6 Fire Magic
 + Level 8.5 Air Magic


You had 4 spell levels left.
You knew the following spells:

 Your Spells              Type           Power        Failure   Level  Hunger
a - Flame Tongue          Conj/Fire      #####        1%          1    None
b - Searing Ray           Conj           ######       1%          2    None
c - Conjure Flame         Conj/Fire      ######..     1%          3    None
d - Deflect Missiles      Chrm/Air       #####.....   67%         6    ######.
e - Blink                 Tloc           N/A          12%         2    None
f - Fireball              Conj/Fire      ######....   1%          5    ####...
s - Sticky Flame          Conj/Fire      ######..     1%          4    #......
z - Freezing Cloud        Conj/Ice/Air   #####.....   24%         6    ######.


Dungeon Overview and Level Annotations

Branches:
Dungeon (10/15)            Temple (1/1) D:6            Lair (5/6) D:9
 Shoals (0/4) Lair:4       Spider (0/4) Lair:4          Orc (1/2) D:10
  Slime: Lair:5-6

Altars:
Dithmenos
Elyvilon
Fedhas
Kikubaaqudgha
Makhleb
Qazlal
Ru
Sif Muna
Trog
Vehumet
Zin
The Shining One
Beogh

Shops:
D:4 *}%(%   D:10 [(

Annotations:
D:7 Joseph
Lair:3 Ryco's ghost, journeyman DEFE
Orc:1 Nergalle


Innate Abilities, Weirdness & Mutations

You have a beak for a mouth.
You have claws for feet.
You can fly.
You are robust. (+10% HP)


Message History

Press: ? - help, Shift-Dir - straight line
Okay, then.
You barely miss the spectral orc warrior.
The spectral orc warrior misses you. x2
Nergalle gestures at the spectral orc warrior while chanting.
The spectral orc warrior seems to speed up.
The spectral orc warrior closely misses you.
Nergalle mutters something.
The spectral orc warrior misses you.
Things that are here:
a hand axe; a ring mail; an orc corpse A stone giant comes into view.
The orc priest miscasts a cantrip.
The spectral orc warrior barely misses you.
The stone giant shouts!
The stone giant throws a large rock.
The large rock hits you!!
You see here a large rock.
The stone giant throws a large rock.
The large rock hits you!!!
Ouch! That really hurt!
You die...

##.## ##.## #....## #...#
##...## ##.<..#### #..##
##.....## #..(..##.## ...#
###.......# ##.)).#...## ..##
##...>....#####..).#....#
..####.........##..##)......##
...##....o.....#..........####
)...#....ooo...##.........#..#
..)......#..[.ZZ@....#.......###
#......†.##.)........##.....##.#
........####.........#.........#
..........#.......C...#........#
..........#..)........##.....###
...............#......#.....##
.....###.......####......####
###... #.......# ##....### #
##.###......## #.#..#..#


You could see a stone giant, Nergalle, 2 spectral orc warriors, 2 orc priests
and an orc.

Vanquished Creatures
  Gastronok (D:10)
  Kirke (Lair:5)
  Erica (Orc:1)
  Urug (Lair:4)
  An unseen horror (D:10)
  A wolf spider (Lair:4)
  A manticore (Lair:4)
  Maurice (D:8)
  3 spiny frogs
  8 komodo dragons
  A rime drake (Lair:3)
  The ghost of camregs the Cudgeler, an amateur MiCK of Xom (D:4)
  2 trolls
  A two-headed ogre (Orc:1)
  A hornet (D:9)
  4 blink frogs (Lair:4)
  3 hippogriffs
  A wyvern (D:10)
  3 redbacks (Lair:4)
  A human (D:9)
  8 hogs
  11 yaks
  2 basilisks
  Grum (D:8)
  2 wargs (Orc:1)
  6 water moccasins
  6 porcupines
  3 ice beasts
  A black bear (D:6)
  11 orc warriors
  A phantom (D:4)
  7 ogres
  A necrophage (D:8)
  2 sky beasts
  6 wolves
  6 crocodiles
  2 centaurs
  A big kobold (D:9)
  10 bullfrogs
  A water moccasin zombie (D:8)
  5 scorpions
  3 wights (D:10)
  3 howler monkeys (D:7)
  4 crimson imps
  2 centaur zombies
  5 hounds
  A bullfrog skeleton (D:9)
  2 jellies
  2 bullfrog zombies
  A centaur skeleton (D:10)
  7 orc priests
  5 iguanas
  10 orc wizards
  5 worker ants
  A hound zombie (D:9)
  2 hound skeletons
  A howler monkey skeleton (D:9)
  3 worker ant zombies
  4 gnolls (D:8)
  9 adders
  A shadow imp (D:9)
  An adder zombie (D:7)
  An adder skeleton (D:4)
  3 worms
  A dart slug (D:1)
  5 leopard geckos
  54 orcs
  2 ball pythons
  5 giant cockroaches
  10 goblins
  12 hobgoblins
  17 jackals
  4 quokkas
  8 bats
  4 frilled lizards
  26 kobolds
  A leopard gecko skeleton (D:5)
  A quokka skeleton (D:6)
  17 rats
  A plant (Lair:5)
374 creatures vanquished.

Vanquished Creatures (others)
  A spiny frog (Lair:2)
  A butterfly (Lair:2)
  15 plants (D:9)
17 creatures vanquished.

Grand Total: 391 creatures vanquished

Notes
Turn   | Place    | Note
-------+----------+-------------------------------------------
     0 | D:1      | TheGoonsmith the Tengu Fire Elementalist began the quest for the Orb.
     0 | D:1      | Reached XP level 1. HP: 10/10 MP: 4/4
    99 | D:1      | Reached skill level 2 in Conjurations
   143 | D:1      | Reached XP level 2. HP: 15/15 MP: 4/6
   560 | D:1      | Reached XP level 3. HP: 19/19 MP: 3/7
  1082 | D:2      | Reached skill level 3 in Conjurations
  1292 | D:2      | Reached XP level 4. HP: 19/24 MP: 6/8
  1937 | D:2      | Found a sacrificial altar of Ru.
  1937 | D:2      | Found a deep blue altar of Sif Muna.
  2476 | D:3      | Learned a level 4 spell: Sticky Flame
  2480 | D:3      | Learned a level 3 spell: Conjure Flame
  2503 | D:3      | Noticed an ogre
  2514 | D:3      | Killed an ogre
  2514 | D:3      | Reached skill level 4 in Conjurations
  2514 | D:3      | Reached skill level 5 in Fire Magic
  2514 | D:3      | Gained mutation: You can fly. [Tengu growth]
  2514 | D:3      | Reached XP level 5. HP: 28/28 MP: 1/10
  3025 | D:3      | Reached XP level 6. HP: 32/32 MP: 11/11
  3308 | D:4      | Found Danaofaydd's Gadget Shoppe.
  3319 | D:4      | Found Fuxonn's Food Emporium.
  3426 | D:4      | Noticed camregs's ghost (amateur MiCK)
  3776 | D:4      | Killed camregs's ghost
  3776 | D:4      | Reached skill level 5 in Conjurations
  3776 | D:4      | Reached XP level 7. HP: 20/36 MP: 13/13
  4001 | D:4      | Found Rohoz's Antique Weapon Emporium.
  4044 | D:4      | Reached skill level 6 in Conjurations
  4045 | D:4      | Found Ubaofaba's Food Shop.
  4312 | D:4      | Found Juow's Assorted Antiques.
  4315 | D:4      | Bought a scroll labeled HEF COTYOTAMU for 28 gold pieces
  4315 | D:4      | Bought a scroll of identify for 56 gold pieces
  4315 | D:4      | Bought a scroll of identify for 56 gold pieces
  4318 | D:4      | Gained mutation: You are robust. (+10% HP) [potion of beneficial mutation]
  4375 | D:5      | Entered Level 5 of the Dungeon
  5164 | D:5      | Reached skill level 7 in Conjurations
  5332 | D:6      | Reached XP level 8. HP: 45/45 MP: 15/15
  5353 | D:6      | Found an ancient bone altar of Kikubaaqudgha.
  5354 | D:6      | Found a blossoming altar of Fedhas.
  5383 | D:6      | Found a staircase to the Ecumenical Temple.
  5387 | Temple   | Entered the Ecumenical Temple
  5407 | Temple   | Became a worshipper of Vehumet
  5613 | D:6      | Reached skill level 8 in Conjurations
  5957 | D:6      | Learned a level 5 spell: Fireball
  6041 | D:7      | Noticed a hippogriff
  6051 | D:7      | Killed a hippogriff
  6159 | D:7      | Reached skill level 9 in Conjurations
  6707 | D:7      | Reached XP level 9. HP: 49/49 MP: 17/17
  6771 | D:7      | Noticed Joseph
  6914 | D:7      | Found a stormy altar of Qazlal.
  7037 | D:7      | Reached skill level 5 in Spellcasting
  7115 | D:7      | Reached * piety under Vehumet
  7115 | D:7      | Offered knowledge of Freeze by Vehumet.
  7208 | D:8      | Reached skill level 13 in Conjurations
  7208 | D:8      | Reached XP level 10. HP: 55/55 MP: 21/21
  7256 | D:8      | Reached skill level 1 in Fighting
  7276 | D:8      | Noticed Grum
  7284 | D:8      | Killed Grum
  7436 | D:8      | Found a blossoming altar of Fedhas.
  7656 | D:8      | Found a glowing golden altar of the Shining One.
  8118 | D:8      | Noticed Maurice
  8150 | D:8      | Killed Maurice
  8713 | D:9      | Offered knowledge of Searing Ray by Vehumet.
  8714 | D:9      | Reached ** piety under Vehumet
  8715 | D:9      | Reached skill level 5 in Fighting
  8720 | D:9      | Learned a level 2 spell: Searing Ray
  9303 | D:9      | Reached XP level 11. HP: 68/68 MP: 9/24
  9453 | D:9      | Found a staircase to the Lair.
  9747 | D:9      | Offered knowledge of Ignite Poison by Vehumet.
  9766 | D:9      | Reached *** piety under Vehumet
 10062 | D:10     | Entered Level 10 of the Dungeon
 10070 | D:10     | Learned a level 6 spell: Deflect Missiles
 10182 | D:10     | Noticed Gastronok
 10512 | D:10     | Offered knowledge of Olgreb's Toxic Radiance by Vehumet.
 10619 | D:10     | Found a roughly hewn altar of Beogh.
 10689 | D:10     | Found Qaaxt's Weapon Boutique.
 10689 | D:10     | Found a staircase to the Orcish Mines.
 10692 | D:10     | Found Hiolloal's Armour Boutique.
 10781 | D:10     | Killed Gastronok
 11305 | D:10     | Noticed an unseen horror
 11309 | D:10     | Killed an unseen horror
 11569 | Lair:1   | Entered Level 1 of the Lair of Beasts
 11586 | Lair:1   | Reached skill level 1 in Air Magic
 11678 | Lair:1   | Reached skill level 1 in Charms
 11741 | Lair:1   | Reached **** piety under Vehumet
 11899 | Lair:1   | Reached XP level 12. HP: 61/73 MP: 26/26
 11928 | Lair:1   | Offered knowledge of Bolt of Magma by Vehumet.
 11954 | Lair:1   | Got a brightly glowing shield
 11955 | Lair:1   | Identified the +1 shield of Circular Logic {rC- rCorr Slay+4 Stlth+} (You found it on level 1 of the Lair of Beasts)
 12559 | Lair:2   | Got a bronze leather armour
 13492 | Lair:3   | Noticed Ryco's ghost (journeyman DEFE)
 13876 | Lair:4   | Reached skill level 5 in Air Magic
 14020 | Lair:4   | Found a staircase to the Shoals.
 14027 | Lair:4   | Identified the +2 leather armour of Leub {Str+2 Dex+5} (You found it on level 2 of the Lair of Beasts)
 14182 | Lair:4   | Found a hole to the Spider Nest.
 14713 | Lair:4   | Reached skill level 10 in Spellcasting
 14769 | Lair:4   | Noticed Urug
 14784 | Lair:4   | Killed Urug
 15174 | Lair:5   | Found a blossoming altar of Fedhas.
 15879 | Lair:5   | Noticed Kirke
 15889 | Lair:5   | Killed Kirke
 15889 | Lair:5   | Reached skill level 5 in Charms
 15889 | Lair:5   | Reached XP level 13. HP: 56/78 MP: 11/28
 16155 | Orc:1    | Entered Level 1 of the Orcish Mines
 16155 | Orc:1    | Noticed Erica
 16162 | Orc:1    | Killed Erica
 16391 | Orc:1    | Learned a level 2 spell: Blink
 16458 | Orc:1    | Reached ***** piety under Vehumet
 16479 | Orc:1    | Offered knowledge of Freezing Cloud by Vehumet.
 16686 | Orc:1    | Learned a level 6 spell: Freezing Cloud
 16692 | Orc:1    | Noticed Nergalle
 16713 | Orc:1    | Noticed a stone giant
 16716 | Orc:1    | Hit by a large rock thrown by a stone giant

Vault maps used:
D:1:      lemuel_arrival_funnel, minmay_tromino_i4
D:2:      gammafunk_temple_overflow_wave
D:4:      serial_shops, nicolae_shop_overgrown_old_shop, shop, kennysheep_mini,
          kennysheep_mini_moat, nicolae_shop_trees
D:5:      first_bread, kennysheep_pointless_box
D:6:      grunt_temple_overflow_growth_and_decay, minmay_misc_feat_four_crosses
D:7:      lemuel_doored_altar, uniq_joseph
D:8:      old_standard_altar, fedhas_altar_fruit_tree, uniq_grum, uniq_maurice
D:9:      kennysheep_kobold_camp, david_lair_shrubbed, grunt_livestock
D:10:     orc_david_3, special_room, uniq_gastronok
Temple:   regret_index_temple_waves
Lair:2:   grunt_forest_stairs_basic, lemuel_old_faithful, lemuel_fruit_fields
Lair:3:   uniq_harold
Lair:4:   minmay_shoals_entry_beasts, spider_nest_entry_funnel_web, uniq_urug
Lair:5:   basic_altar, bh_autumn_forest_stairs, lemuel_fruit_tree, uniq_kirke
Orc:1:    uniq_erica, uniq_nergalle

Skill      XL: |  1  2  3  4  5  6  7  8  9 10 11 12 |
---------------+-------------------------------------+-----
Conjurations   | 2 3 4 5 7 9 13 | 13.0
Fire Magic     | 4 5 7 8 11 | 11.6
Spellcasting   | 3 4 7 8 9 10 | 10.7
Fighting       | 5 |  5.0
Dodging        | 7 |  7.9
Air Magic      | 3 8 |  8.5
Charms         | 1 5 |  5.5
Stealth        | |  2.0

Action                   |  1- 3 |  4- 6 |  7- 9 | 10-12 | 13-15 || total
-------------------------+-------+-------+-------+-------+-------++-------
Melee: Whip              |    23 |       |       |       |       ||    23
       Peck              |     6 |       |     4 |     7 |       ||    17
       Kick              |     3 |       |     5 |    10 |       ||    18
       Dagger            |       |       |    17 |    22 |       ||    39
       Staff             |       |       |     1 |    10 |     2 ||    13
 Cast: Flame Tongue      |    58 |   133 |   128 |   486 |    41 ||   846
       Conjure Flame     |       |     6 |    10 |     8 |       ||    24
       Sticky Flame      |       |       |     4 |    52 |     8 ||    64
       Fireball          |       |       |       |    75 |    14 ||    89
  Use: Scroll            |       |     9 |     9 |     8 |       ||    26
       Potion            |       |       |     2 |       |       ||     2
 Stab: Sleeping          |     1 |       |       |       |       ||     1
  Eat: Chunk             |     2 |     9 |    12 |    39 |     6 ||    68
       Meat ration       |       |       |       |     1 |       ||     1
Armor: Robe              |    12 |     8 |     2 |       |       ||    22
       Leather armour    |       |       |     1 |    45 |     2 ||    48
       Skin              |       |       |       |     1 |       ||     1
Dodge: Dodged            |    33 |    51 |    24 |   163 |    27 ||   298
